 Dungeon Crawl Stone Soup version 0.18-a0-19-g8b99b3a (webtiles) character file.

1922 TruthSerum the Fighter (level 8, -9/75 HPs)
             Began as a Minotaur Fighter on Nov 1, 2015.
             Mangled by an orc warrior
             ... wielding a +0 halberd
              (20 damage)
             ... on level 5 of the Dungeon on Nov 2, 2015.
             The game lasted 00:30:03 (4150 turns).

TruthSerum the Fighter (Minotaur Fighter)           Turns: 4150, Time: 00:30:03

Health: -9/75      AC: 11    Str: 20    XL:     8   Next: 96%
Magic:  0/7        EV: 10    Int:  5    God:
Gold:   97         SH: 10    Dex: 13    Spells: 0 memorised, 7 levels left

rFire  . . .     SeeInvis .     a - +0 flail
rCold  . . .     Clarity  .     b - +0 scale mail
rNeg   . . .     SustAt   .     c - +0 shield
rPois  .         Gourm    .     (helmet restricted)
rElec  .         Spirit   +     (no cloak)
rCorr  .         Warding  .     (no gloves)
rMut   .         Stasis   .     (no boots)
MR     .....                    C - amulet of guardian spirit
Stlth  ..........               (no ring)
                                v - +4 ring of protection

@: not resistant to hostile enchantments, extremely unstealthy
A: retaliatory headbutt, horns 2
a: no special abilities


You were on level 5 of the Dungeon.
You were not hungry.

You visited 1 branch of the dungeon, and saw 5 of its levels.

You collected 211 gold pieces.
You spent 114 gold pieces at shops.

Inventory:

Hand Weapons
 a - a +0 flail (weapon)
Armour
 b - a +0 scale mail (worn)
 c - a +0 shield (worn)
Jewellery
 v - a +4 ring of protection (left hand)
 C - an amulet of guardian spirit (around neck)
Wands
 u - a wand of frost (24)
 D - a wand of magic darts (0)
Scrolls
 g - 2 scrolls of amnesia {unknown}
 i - a scroll of enchant armour {unknown}
 k - 3 scrolls of identify {unknown}
 l - 2 scrolls of remove curse {unknown}
 n - 4 scrolls of teleportation {unknown}
 o - 3 scrolls of recharging {unknown}
 s - a scroll of blinking {unknown}
 y - a scroll of magic mapping {unknown}
 B - a scroll of torment {unknown}
Potions
 d - a potion of mutation {unknown}
 f - a potion of heal wounds
 h - 2 potions of agility {unknown}
 j - 2 potions of brilliance {unknown}
 m - 2 potions of cancellation {unknown}
 q - a potion of beneficial mutation {unknown}
 r - 3 potions of flight {unknown}
 w - a potion of magic {unknown}
 z - 2 potions of haste {unknown}
 A - a potion of lignification {unknown}
Comestibles
 e - 4 bread rations
 p - 4 slices of pizza
 t - 2 meat rations
 x - 2 beef jerkies


   Skills:
 + Level 8.3 Fighting
 + Level 7.6 Maces & Flails
 - Level 6.5 Armour
 - Level 4.7 Dodging
 - Level 6.4 Shields


You had 7 spell levels left.
You didn't know any spells.

Dungeon Overview and Level Annotations

Branches:
Dungeon (5/15)
 Temple: D:4-7

Altars:
Elyvilon
Ru
Xom
Zin
The Shining One

Shops:
D:5 [*

Annotations:
D:5 Blork the orc


Innate Abilities, Weirdness & Mutations

You reflexively headbutt those who attack you in melee.
You have a pair of horns on your head.


Message History

Grinder hits you.
You writhe in agony.
* * * LOW HITPOINT WARNING * * *
The orc warrior hits you from afar with a halberd!
* * * LOW HITPOINT WARNING * * *
You feel much better. Grinder gestures at you. You resist with some effort.
The orc warrior hits you from afar with a halberd!
* * * LOW HITPOINT WARNING * * *
You sock Grinder! You headbutt Grinder.
You kill Grinder!
Your Fighting skill increases to level 8!
You block the orc warrior's attack.
The orc warrior hits you from afar with a halberd!
* * * LOW HITPOINT WARNING * * *
The quokka twitches its whiskers.
You barely miss the orc warrior. You block the orc warrior's attack.
You closely miss the orc warrior.
The orc warrior hits you with a halberd!!
You die...

#.#.#########
#.#.# #.#.# #
#.#.# #.
#.#.# ..g
#.#.# ....
#.#.# ....g
#.#
...glg####@#


..JJg.gZso.# ...oro###### ....o .... ..{ .. . You could see an orc warrior, a
jelly, 2 gnolls, 2 orcs, a quokka, a giant cockroach and a quokka skeleton.

Vanquished Creatures
  Grinder (D:5)
  Prince Ribbit (D:5)
  Sigmund (D:2)
  Eustachio (D:5)
  Edmund (D:4)
  The ghost of tony90 the Conjurer, an amateur HEAE of Qazlal (D:4)
  3 ogres (D:4)
  A phantom (D:4)
  An ice beast (D:3)
  A giant frog zombie (D:3)
  A jelly (D:5)
  3 worker ants (D:4)
  A giant frog skeleton (D:5)
  Ijyb (D:2)
  A hound (D:5)
  3 orc priests
  Natasha (thrice) (D:2)
  7 adders
  4 gnolls (D:2)
  A shadow imp (D:5)
  An ooze (D:3)
  2 adder skeletons (D:4)
  4 worms
  9 orcs
  6 bats
  10 giant cockroaches
  8 goblins
  6 hobgoblins
  13 jackals
  3 giant geckos
  6 giant newts
  5 kobolds
  8 rats
118 creatures vanquished.

Notes
Turn   | Place    | Note
--------------------------------------------------------------
     0 | D:1      | TruthSerum the Minotaur Fighter began the quest for the Orb.
     0 | D:1      | Reached XP level 1. HP: 19/19 MP: 0/0
   331 | D:1      | Reached XP level 2. HP: 27/27 MP: 1/1
   679 | D:2      | Noticed Natasha
   683 | D:2      | Reached skill level 4 in Armour
   690 | D:2      | Killed Natasha
   690 | D:2      | Reached skill level 1 in Dodging
   690 | D:2      | Reached XP level 3. HP: 28/33 MP: 2/2
   758 | D:2      | Reached XP level 4. HP: 16/40 MP: 3/3
   834 | D:2      | Noticed Natasha
   843 | D:2      | Killed Natasha
   865 | D:2      | Noticed Natasha
   868 | D:2      | Killed Natasha
  1179 | D:2      | Noticed Ijyb
  1190 | D:2      | Killed Ijyb
  1293 | D:2      | Noticed Sigmund
  1298 | D:2      | Reached XP level 5. HP: 40/47 MP: 4/4
  1377 | D:2      | Killed Sigmund
  1377 | D:2      | Reached skill level 5 in Fighting
  1377 | D:2      | Reached skill level 5 in Armour
  1377 | D:2      | Reached XP level 6. HP: 33/56 MP: 5/5
  1428 | D:2      | Found a glowing golden altar of the Shining One.
  1428 | D:2      | Found a white marble altar of Elyvilon.
  1429 | D:2      | Found a glowing silver altar of Zin.
  1797 | D:3      | Reached skill level 5 in Shields
  2224 | D:4      | Reached XP level 7. HP: 56/61 MP: 6/6
  2233 | D:4      | Noticed tony90's ghost (amateur HEAE)
  2243 | D:4      | Killed tony90's ghost
  2407 | D:4      | Reached skill level 5 in Maces & Flails
  2645 | D:4      | Found a sacrificial altar of Ru.
  2731 | D:4      | Noticed Edmund
  2747 | D:4      | Killed Edmund
  2747 | D:4      | Reached skill level 6 in Armour
  2849 | D:4      | Reached XP level 8. HP: 41/70 MP: 7/7
  3065 | D:4      | Found a shimmering altar of Xom.
  3480 | D:5      | Entered Level 5 of the Dungeon
  3486 | D:5      | Noticed Prince Ribbit
  3691 | D:5      | Found Rahiobot's Armour Shoppe.
  3695 | D:5      | Found Jiarexi's Assorted Antiques.
  3712 | D:5      | Killed Prince Ribbit
  3712 | D:5      | Reached skill level 7 in Fighting
  3977 | D:5      | Bought a dark potion for 21 gold pieces
  3977 | D:5      | Bought a ruby potion for 21 gold pieces
  3977 | D:5      | Bought a scroll labeled XOCSED ODEUPRO for 24 gold pieces
  3977 | D:5      | Bought a scroll labeled XOCSED ODEUPRO for 24 gold pieces
  3977 | D:5      | Bought a scroll labeled KAUCLA MOEL for 24 gold pieces
  3993 | D:5      | Noticed Eustachio
  4009 | D:5      | Killed Eustachio
  4127 | D:5      | Noticed Blork the orc
  4135 | D:5      | Noticed Grinder
  4144 | D:5      | Killed Grinder
  4144 | D:5      | Reached skill level 8 in Fighting
  4150 | D:5      | Mangled by an orc warrior

Vault maps used:
D:1:      scummos_arrival_forest, minmay_liquid_box, grunt_decor_resistance
D:2:      good_gods_temple_1, uniq_sigmund, uniq_iyjb, uniq_natasha
D:3:      roderic_roman_lattice, serial_bayou_crossing
D:4:      kennysheep_mini, nicolae_ru_the_path_less_chosen, uniq_edmund
D:5:      minitemple, minmay_temple_entry_overgrown, serial_shops,
          nicolae_shop_crystal, nicolae_shop_behind_doors, shop,
          nicolae_shop_temple_entry_statues_fountains, kennysheep_mini_moat,
          first_bread, uniq_prince_ribbit1, uniq_eustachio, uniq_grinder,
          uniq_blork_the_orc

Action                   |  1- 3 |  4- 6 |  7- 9 || total
-------------------------+-------+-------+-------++-------
Melee: Flail             |    73 |   135 |   215 ||   423
  Use: Potion            |       |     1 |     2 ||     3
  Eat: Chunk             |       |     5 |     6 ||    11
